 Dungeon Crawl Stone Soup version 0.24-a0-516-g9de272bb65 (webtiles) character file.

Game seed: 4860362582684954776

7824 Greboboi the Cleaver (level 11, -3/84 HPs)
             Began as a Minotaur Fighter on July 22, 2019.
             Was an Elder of Trog.
             Slain by a sixfirhy (12 damage)
             ... on level 2 of the Abyss.
             The game lasted 00:39:37 (10428 turns).

Greboboi the Cleaver (Minotaur Fighter)            Turns: 10428, Time: 00:39:38

Health: -3/84      AC: 11    Str: 25    XL:     11   Next: 1%
Magic:  10/10      EV: 11    Int:  5    God:    Trog [****..]
Gold:   536        SH: 13    Dex: 12    Spells: 10/10 levels left

rFire    + + .     SeeInvis .   V - +1 war axe (vamp)
rCold    x . .     Gourm    .   c - +0 shield
rNeg     . . .     Faith    +   U - +0 scale mail {rPois}
rPois    +         Spirit   .   (helmet restricted)
rElec    .         Reflect  .   E - scarf {repulsion}
rCorr    .         Harm     .   C - +1 pair of gloves {Str+3}
MR       .....                  m - +0 pair of boots
Stlth    ..........             M - amulet of faith
HPRegen  0.24/turn              r - ring of fire
MPRegen  0.12/turn              G - ring of protection from fire

@: about to teleport, berserk cooldown, repel missiles
A: retaliatory headbutt, horns 2
a: Berserk, Trog's Hand, Brothers in Arms, Renounce Religion


You were on level 2 of the Abyss.
You worshipped Trog.
Trog was greatly pleased with you.
You were hungry.

You visited 2 branches of the dungeon, and saw 12 of its levels.
You visited the Abyss 1 time.
You also visited: Ossuary.

You collected 601 gold pieces.
You spent 65 gold pieces at shops.

Inventory:

Hand Weapons
 p - a +2 trident of freezing
 x - a +3 short sword
 z - a +3 quarterstaff of chaos
 P - a +5 mace
 R - a +2 dagger of chaos
 V - a +1 vampiric war axe (weapon)
Missiles
 g - 379 stones (quivered)
Armour
 c - a +0 shield (worn)
 m - a +0 pair of boots (worn)
 o - a +0 chain mail
 C - a +1 pair of gloves of strength (worn)
 E - a scarf of repulsion (worn)
 U - a +0 scale mail of poison resistance (worn)
Jewellery
 a - an uncursed ring of poison resistance {unknown}
 r - a ring of fire (left hand)
 G - a ring of protection from fire (right hand)
 M - an amulet of faith (around neck)
 Q - an uncursed ring of ice
Wands
 F - a wand of enslavement (5)
 H - a wand of random effects (8)
 J - a wand of paralysis (8)
 L - a wand of iceblast (37)
 Y - a wand of disintegration (6)
Scrolls
 b - 2 scrolls of fear {unknown}
 h - 6 scrolls of identify
 j - 12 scrolls of remove curse
 l - a scroll of magic mapping {unknown}
 q - 4 scrolls of teleportation
 s - 4 scrolls of fog
 u - a scroll of amnesia
 w - 3 scrolls of immolation
 y - 3 scrolls of enchant armour {unknown}
 I - 2 scrolls of blinking {unknown}
 T - 2 scrolls of enchant weapon
 W - 2 scrolls of silence {unknown}
Potions
 d - a potion of might
 e - 2 potions of brilliance
 i - a potion of berserk rage {unknown}
 k - 4 potions of flight
 n - 9 potions of curing
 t - 4 potions of degeneration
 v - 3 potions of agility
 A - a potion of magic {unknown}
 B - 2 potions of lignification {unknown}
 D - 2 potions of heal wounds {unknown}
 K - a potion of ambrosia {unknown}
 N - a potion of experience {unknown}
 O - a potion of resistance
 S - a potion of haste {unknown}
Comestibles
 f - 12 rations
 X - 6 chunks of flesh


   Skills:
 - Level 4.0 Fighting
 + Level 14.4 Axes
 - Level 8.0 Armour
 - Level 4.0 Dodging
 + Level 11.2 Shields


You had 10 spell levels left.
You didn't know any spells.
Your spell library was empty.

Dungeon Overview and Level Annotations

Branches:
Dungeon (11/15)            Temple (1/1) D:5            Lair (0/6) D:10
    Orc (0/2) D:9

Altars:
Ashenzari
Cheibriados
Dithmenos
Elyvilon
Fedhas
Gozag
Hepliaklqana
Kikubaaqudgha
Makhleb
Nemelex Xobeh
Okawaru
Qazlal
Ru
Sif Muna
Trog
Uskayaw
Vehumet
Wu Jian
Xom
Yredelemnul
Zin
The Shining One

Shops:
D:4 *   D:6 [   D:8 }   D:9 ?

Annotations:
D:11 Sonja


Innate Abilities, Weirdness & Mutations

You reflexively headbutt those who attack you in melee.
You have a pair of horns on your head.


Message History

The sixfirhy closely misses you. You furiously retaliate!
You headbutt the sixfirhy. You block the sixfirhy's attack. x2
The sixfirhy hits you. The sixfirhy shocks you!
You block the sixfirhy's attack. You block the sixfirhy's attack. x2
You block the sixfirhy's attack. x2; The sixfirhy hits you!
* * * LOW HITPOINT WARNING * * *
The sixfirhy shocks you!
* * * LOW HITPOINT WARNING * * *
The sixfirhy hits you but does no damage.
There are no items here.
As you read the scroll of teleportation, it crumbles to dust.
You feel strangely unstable.
You feel the power of the Abyss delaying your translocation!
You feel yourself speed up.
The sixfirhy hits you but does no damage.
You block the sixfirhy's attack. The sixfirhy hits you.
* * * LOW HITPOINT WARNING * * *
The sixfirhy shocks you!
You die...

. # ......#..
?.....#..
......#'#########
....#.........#.#
...............#
#.....∩..@3.....##
#...............#
.#
......∩......#..#
...............##
.
##............).#
................##
. ..............#
...............##
.#.##§.# #####.# #


You could see a sixfirhy.

Vanquished Creatures
  A two-headed ogre (D:8)
  Psyche (D:9)
  A wyvern (D:10)
  A hungry ghost (D:11)
  A soldier ant (D:11)
  A water moccasin (D:10)
  3 porcupines (D:10)
  A black bear (D:10)
  An orc warrior (D:11)
  5 sky beasts
  2 ogres
  4 centaurs
  A phantom (D:8)
  5 wolves
  3 crocodiles (D:10)
  3 big kobolds
  6 bullfrogs
  2 gnoll sergeants (D:5)
  13 scorpions
  4 killer bees (D:8)
  4 wights (D:8)
  5 crimson imps
  12 hounds
  A quasit (D:8)
  A bullfrog zombie (D:7)
  3 gnoll shamans (D:5)
  3 orc priests
  3 centaur zombies
  2 jellies
  A centaur skeleton (D:9)
  7 orc wizards
  Crazy Yiuf (D:2)
  2 iguanas
  12 worker ants
  3 big kobold zombies (Ossuary)
  A hound skeleton (D:8)
  3 mummies (Ossuary)
  A worker ant zombie (D:8)
  11 adders
  18 gnolls
  4 river rats (D:7)
  3 scorpion zombies (Ossuary)
  2 shadow imps
  2 oozes (D:2)
  An adder skeleton (D:7)
  5 worms
  2 dart slugs (D:1)
  7 leopard geckos
  33 orcs
  2 ball pythons
  5 giant cockroaches
  8 goblins
  8 hobgoblins
  17 jackals
  4 quokkas
  8 bats
  3 frilled lizards
  A gnoll zombie (Ossuary)
  4 goblin zombies (Ossuary)
  3 hobgoblin zombies (Ossuary)
  A jackal zombie (D:9)
  23 kobolds
  A kobold zombie (Ossuary)
  2 orc zombies (Ossuary)
  A quokka skeleton (D:6)
  10 rats
  4 fungi (D:2)
317 creatures vanquished.

Vanquished Creatures (others)
  The ghost of Thantalas the Magician, an amateur GnWz (D:4)
  A hobgoblin zombie (Ossuary)
  A plant (D:7)
3 creatures vanquished.

Grand Total: 320 creatures vanquished

Notes
Turn   | Place    | Note
-------+----------+-------------------------------------------
     0 | D:1      | Greboboi the Minotaur Fighter began the quest for the Orb.
     0 | D:1      | Reached XP level 1. HP: 19/19 MP: 0/0
   323 | D:1      | Reached XP level 2. HP: 26/27 MP: 1/1
   543 | D:1      | Reached skill level 1 in Dodging
   562 | D:1      | Reached XP level 3. HP: 31/33 MP: 2/2
   574 | D:1      | Reached skill level 3 in Axes
  1102 | D:2      | Found a hide-covered altar of Uskayaw.
  1169 | D:2      | Reached XP level 4. HP: 40/40 MP: 3/3
  1220 | D:2      | Reached skill level 4 in Axes
  1263 | D:2      | Found a glowing silver altar of Zin.
  1291 | D:2      | Found a sparkling altar of Nemelex Xobeh.
  1722 | D:2      | Found a runed translucent door.
  1723 | D:2      | Noticed Crazy Yiuf
  1730 | D:2      | Killed Crazy Yiuf
  1730 | D:2      | Reached XP level 5. HP: 41/46 MP: 4/4
  2081 | D:3      | You fall into a shaft and drop 2 floors!
  2081 | D:5      | Entered Level 5 of the Dungeon
  2081 | D:5      | Found a bloodstained altar of Trog.
  2086 | D:5      | Reached skill level 5 in Axes
  2093 | D:5      | Reached skill level 5 in Shields
  2101 | D:5      | Reached XP level 6. HP: 41/52 MP: 5/5
  2120 | D:5      | Reached skill level 6 in Axes
  2387 | D:5      | Reached skill level 5 in Armour
  2387 | D:5      | Reached XP level 7. HP: 18/59 MP: 6/6
  3070 | D:4      | Reached skill level 7 in Axes
  3117 | D:4      | Found Tizeehu's General Store.
  3123 | D:4      | Bought a potion of curing for 39 gold pieces
  3123 | D:4      | Bought a scroll of identify for 26 gold pieces
  3175 | D:4      | Found a sand-covered staircase.
  3181 | Ossuary  | Entered an ossuary
  3415 | Ossuary  | Reached skill level 8 in Axes
  3415 | Ossuary  | Reached XP level 8. HP: 66/66 MP: 7/7
  3572 | Ossuary  | Reached skill level 9 in Axes
  3810 | D:4      | Noticed Thantalas's ghost (amateur GnWz)
  3933 | D:4      | Got a polished ring mail
  3943 | D:4      | Found a runed translucent gate.
  3943 | D:4      | Found a runed translucent gate.
  3943 | D:4      | Found a runed translucent gate.
  4016 | D:4      | Killed Thantalas's ghost
  4665 | D:5      | Found a staircase to the Ecumenical Temple.
  4675 | D:5      | Reached skill level 10 in Axes
  5150 | D:5      | Reached XP level 9. HP: 58/71 MP: 8/8
  5451 | D:3      | Reached skill level 11 in Axes
  5869 | Temple   | Entered the Ecumenical Temple
  6060 | D:5      | Became a worshipper of Trog the Wrathful
  6115 | D:6      | Found a shadowy altar of Dithmenos.
  6387 | D:6      | Found a shattered altar of Ashenzari.
  6389 | D:6      | Found a sacrificial altar of Ru.
  6390 | D:6      | Found a stormy altar of Qazlal.
  6583 | D:6      | Found Faemeliytt's Armour Boutique.
  7071 | D:7      | Found a radiant altar of Vehumet.
  7521 | D:8      | Reached * piety under Trog
  7552 | D:8      | Noticed a two-headed ogre
  7561 | D:8      | Killed a two-headed ogre
  7561 | D:8      | Reached skill level 12 in Axes
  7769 | D:8      | Reached XP level 10. HP: 55/78 MP: 9/9
  7816 | D:8      | Reached ** piety under Trog
  7826 | D:8      | Found Mierrob's Gadget Shoppe.
  8293 | D:8      | Found a deep blue altar of Sif Muna.
  8408 | D:8      | Found a snail-covered altar of Cheibriados.
  8549 | D:9      | Noticed Psyche
  8564 | D:9      | Killed Psyche
  8910 | D:9      | Reached skill level 13 in Axes
  8910 | D:9      | Reached skill level 10 in Shields
  8917 | D:9      | Found a staircase to the Orcish Mines.
  9023 | D:9      | Found Tibazyis's Magic Scroll Shop.
  9272 | D:9      | Found a blossoming altar of Fedhas.
  9366 | D:10     | Entered Level 10 of the Dungeon
  9437 | D:10     | Found a staircase to the Lair.
  9447 | D:10     | Reached *** piety under Trog
  9663 | D:10     | Reached skill level 14 in Axes
  9997 | D:10     | Reached **** piety under Trog
 10362 | D:11     | Noticed Sonja
 10366 | D:11     | Reached XP level 11. HP: 84/84 MP: 10/10
 10407 | D:11     | Cast into level 2 of the Abyss (Sonja)
 10419 | Abyss:2  | Noticed a sixfirhy
 10428 | Abyss:2  | Slain by a sixfirhy

Levels and vault maps discovered:
D:1:      dpeg_arrival_morbid_curiosity, layout_loops_ring
D:2:      layout_basic, lemuel_round_altar, eat_drink_and_be_merry_uskayaw,
          nemelex_dance_club_becter, uniq_crazy_yiuf_cottage
D:3:      layout_basic
D:4:      layout_gridville, serial_shops, shop, gammafunk_ghost_split,
          nicolae_ossuary_entry_plus, minmay_misc_feat_hallway
D:5:      layout_cave_pools, overflow_temple_1_default,
          minmay_temple_entry_statues_fountains, first_ration,
          serial_gnoll_camp, gnoll_camp_mini_hut, gnoll_camp_mini_hut,
          gnoll_camp_mini_basic, gnoll_camp_huts_basic,
          gnoll_camp_mini_doghouse, hex_tiny
D:6:      layout_basic, gammafunk_temple_overflow_forgotten, serial_shops, shop,
          basic_altar
D:7:      wad_woods_tower, layout_rooms, kennysheep_mini
D:8:      layout_loops_ring, slow_altar_2, lemuel_crystal_altar, serial_shops,
          shop
D:9:      layout_basic, marbit_many_paths, orc_0_dummy, serial_shops, shop,
          uniq_psyche
D:10:     layout_gridville, minmay_lair_entry_grove
D:11:     layout_roguey, hangedman_little_slice_of_home, uniq_sonja
Temple:   nicolae_temple_x_marks_the_god
Abyss:2

Skill      XL: |  1  2  3  4  5  6  7  8  9 10 |
---------------+-------------------------------+-----
Shields        | 4 5 6 7 9 11 | 11.2
Armour         | 4 5 6 7 8 |  8.0
Dodging        | 1 2 4 |  4.0
Axes           | 3 4 5 6 8 10 12 14 | 14.4
Fighting       | 4 |  4.0

Action                   |  1- 3 |  4- 6 |  7- 9 | 10-12 || total
-------------------------+-------+-------+-------+-------++-------
Melee: War axe           |    86 |   137 |   281 |   149 ||   653
       Headbutt          |    10 |    28 |   106 |    31 ||   175
       Hand axe          |       |       |   181 |    88 ||   269
Invok: Berserk           |       |       |     1 |     3 ||     4
  Use: Scroll            |       |       |    11 |     6 ||    17
  Eat: Chunk             |     1 |     3 |     6 |     4 ||    14
       Ration            |       |     3 |     1 |     2 ||     6
Armor: Scale mail        |    44 |    62 |    98 |    18 ||   222
       Chain mail        |       |       |    26 |    57 ||    83
Dodge: Dodged            |    31 |    52 |    97 |    70 ||   250
       Deflected         |       |       |     1 |     8 ||     9
Block: Shield            |    61 |    72 |   188 |   137 ||   458

Table legend:
 A = Non-vault XP
 B = Vault XP
 C = Vault XP percentage of total XP
 D = Non-vault monster count
 E = Vault monster count
 F = Vault count percentage of total count
                 A         B        C        D         E       F
            +---------+---------+-------+---------+---------+-------
      Total |    7115 |    4063 |  36.3 |     223 |      91 |  29.0
            +---------+---------+-------+---------+---------+-------
        D:1 |      43 |       9 |  17.3 |      22 |       5 |  18.5
        D:2 |     133 |      47 |  26.1 |      36 |       3 |   7.7
        D:3 |      90 |       0 |   0.0 |      18 |       0 |   0.0
        D:4 |     307 |     257 |  45.6 |      14 |       3 |  17.6
        D:5 |     429 |     864 |  66.8 |      12 |      28 |  70.0
        D:6 |     179 |       0 |   0.0 |       6 |       0 |   0.0
        D:7 |     613 |      80 |  11.5 |      14 |       6 |  30.0
        D:8 |    2392 |       5 |   0.2 |      39 |       1 |   2.5
        D:9 |     684 |     560 |  45.0 |      14 |       2 |  12.5
       D:10 |    1281 |    1421 |  52.6 |      25 |      12 |  32.4
       D:11 |     964 |       0 |   0.0 |      23 |       0 |   0.0
    Ossuary |       0 |     820 | 100.0 |       0 |      31 | 100.0
            +---------+---------+-------+---------+---------+-------
